AoeStats
← mihneabuia

Arena

510155081Analyzed
1v1 RM · 3d ago on Sep 29, 2026· 55m 54s· 2 players
Game mode
Random Map
Map size
Tiny (2 player)
Population
200
Speed
Normal
Resources
Standard
Victory
Conquest
Starting age
Dark Age
Ending age
Imperial Age
RankedLock teamsTeams togetherTeam positionsShared explorationLock speedFull tech treeHidden civsTurbo modeCheats
Victory
Defeat
🇩🇪 Cumans · Germany
338
+13
🇷🇴 Franks · Romania
266
-13
mihneabuia
12:16 Feudal Age
13:32 Double-Bit Axe
13:40 Gold Mining
14:33 Stone Mining
26:09 Castle Age
24:08 Man-at-Arms
27:07 Bow Saw
26:29 Crossbowman
34:15 Gold Shaft Mining
40:09 Imperial Age
41:41 Elite Skirmisher
41:54 Pikeman
43:33 Wheelbarrow
42:45 Loom
44:06 Padded Archer Armor
44:08 Scale Mail Armor
44:40 Elite Throwing Axeman
47:54 Halberdier
54:31 Heavy Mounted Crossbowman
VaughnViktor
18:33 Feudal Age
20:18 Wheelbarrow
19:33 Horse Collar
21:14 Man-at-Arms
22:54 Arson
24:59 Bloodlines
29:07 Castle Age
29:20 Scale Mail Armor
29:31 Forging
29:11 Fletching
30:10 Crossbowman
30:55 Thumb Ring
30:57 Squires
30:17 Long Swordsman
30:18 Pikeman
32:04 Hand Cart
33:40 Heated Shot
34:13 Ballistics
34:21 Heavy Plow
34:10 Double-Bit Axe
34:18 Stone Mining
34:18 Gold Mining
34:26 Gold Mining
38:13 Imperial Age
37:37 Loom
39:21 Iron Casting
39:02 Chain Mail Armor
38:52 Scale Barding Armor
38:48 Padded Archer Armor
38:43 Bodkin Arrow
38:47 Murder Holes
39:03 Clinker Construction
40:13 Hoardings
40:48 Cuman Mercenaries
44:12 Two-Handed Swordsman
44:12 Halberdier
45:30 Plate Mail Armor
45:15 Leather Archer Armor
46:01 Blast Furnace
45:21 Chain Barding Armor
45:16 Masonry
46:09 Chemistry
44:53 Elite Kipchak
51:16 Sappers
52:07 Conscription
51:49 Steppe Husbandry
52:31 Plate Barding Armor
52:26 Ring Archer Armor
52:38 Crop Rotation
52:21 Bow Saw
52:05 Champion
Connection lost

Rejoining the realm…

Still unreachable

The connection could not be restored.

Session expired

The server has moved on; the page needs a fresh start.